 Dungeon Crawl Stone Soup version 0.21.1-1-g345015f (webtiles) character file.

879 Fang the Chopper (level 8, -5/75 HPs)
             Began as a Gargoyle Berserker on June 4, 2018.
             Was a Priest of Trog.
             Slain by an ogre
             ... wielding a cursed -1 giant spiked club
              (18 damage)
             ... on level 4 of the Dungeon.
             The game lasted 00:04:42 (3857 turns).

Fang the Chopper (Gargoyle Berserker)               Turns: 3857, Time: 00:04:43

Health: -5/75      AC:  8    Str: 28    XL:     8   Next: 5%
Magic:  8/8        EV: 13    Int:  8    God:    Trog [***...]
Gold:   267        SH:  0    Dex:  9    Spells: 7/7 levels left

rFire    . . .     SeeInvis .   a - +0 hand axe
rCold    . . .     Gourm    .   (no shield)
rNeg     + . .     Faith    .   b - +1 animal skin
rPois    ∞         Spirit   .   (no helmet)
rElec    +         Reflect  .   (no cloak)
rCorr    .         Harm     .   (no gloves)
MR       .....                  (no boots)
Stlth    ..........             (no amulet)
HPRegen  0.22/turn              (no ring)
MPRegen  0.11/turn              (no ring)

@: berserking, very quick
A: negative energy resistance 1, electricity resistance, unbreathing,
petrification resistance, rot immunity, AC +5
a: Berserk, Trog's Hand, Burn Spellbooks, Renounce Religion


You were on level 4 of the Dungeon.
You worshipped Trog.
Trog was most pleased with you.
You were not hungry.

You visited 1 branch of the dungeon, and saw 4 of its levels.

You collected 267 gold pieces.

Inventory:

Hand Weapons
 a - a +0 hand axe (weapon)
Armour
 b - a +1 animal skin (worn)
Scrolls
 g - 3 scrolls of identify
 j - 2 scrolls of teleportation
 l - 2 scrolls of fog
Potions
 h - a potion of resistance
 k - 4 potions of curing
 n - a potion of brilliance
 p - 2 potions of magic
 r - 3 potions of mutation
Comestibles
 c - 4 rations


   Skills:
 + Level 5.5 Fighting
 + Level 5.8 Axes
 + Level 2.4 Armour
 + Level 4.0 Dodging
 + Level 2.8 Stealth


You had 7 spell levels left.
You didn't know any spells.

Dungeon Overview and Level Annotations

Branches:
Dungeon (4/15)             Temple (0/1) D:4

Altars:
Gozag
Trog
Zin

Shops:
D:4 *


Innate Abilities, Weirdness & Mutations

You are resistant to torment.
Your stone body is resilient. (AC +5)
You are immune to poison.
You resist negative energy. (rN+)
You are resistant to electric shocks. (rElec)
You can survive without breathing.
You are immune to petrification.
You are immune to rotting.


Message History

There is an escape hatch in the ceiling here.
g - 3 scrolls of identify (gained 1)
An ogre comes into view. It is wielding a giant spiked club.
Found 16 gold pieces.
You hit the ogre but do no damage. The ogre barely misses you.
You hit the ogre but do no damage.
The ogre hits you with a giant spiked club!!
You barely miss the ogre. You slash the ogre!
The ogre is moderately wounded.
The ogre hits you with a giant spiked club!!
* * * LOW HITPOINT WARNING * * *
You are too injured to fight recklessly!
You are too injured to fight recklessly!
You are too injured to fight recklessly!
A red film seems to cover your vision as you go berserk!
You feel yourself moving faster!
You feel mighty!
You feel quite a bit more hungry.
The ogre hits you with a giant spiked club!!
You die...

......# ##.....
......# #.##
##.... .....##
...# #.##. .....#
#..## #.##.
.....###.
###...########.#..
<........
#.......).[.....##
#.#.)####
#.##..########.##
..#..# #.##.##..#
#.=# .....#
#..O@....# #..##
..##.# ####.###.#
#.#.## ### .# #$#
#.# ##.##.. # ..#
#.# #...### # ####
#.# ###...### #
#.# ##.......#
######## #.#
#.........
##.....# #.#
#........#
.......#
#.###.##...###


You could see an ogre.

Vanquished Creatures
  Grinder (D:3)
  The ghost of hawkwood the Stinger, an amateur NaWz (D:3)
  The ghost of Sabo the Bolt Thrower, an amateur CeHu (D:4)
  An ogre (D:4)
  A hound (D:4)
  An orc priest (D:3)
  2 iguanas
  An orc wizard (D:4)
  4 adders
  An ooze (D:2)
  An adder skeleton (D:4)
  2 worms
  A dart slug (D:3)
  3 leopard geckos
  11 orcs
  4 bats
  2 giant cockroaches
  2 goblins
  12 hobgoblins
  4 kobolds
  3 frilled lizards
  3 rats
62 creatures vanquished.

Notes
Turn   | Place    | Note
-------+----------+-------------------------------------------
     0 | D:1      | Fang the Gargoyle Berserker began the quest for the Orb.
     0 | D:1      | Reached XP level 1. HP: 14/14 MP: 1/1
   137 | D:1      | Reached XP level 2. HP: 11/19 MP: 2/2
   794 | D:2      | Reached XP level 3. HP: 12/24 MP: 3/3
  1016 | D:2      | Found an opulent altar of Gozag.
  1086 | D:2      | Reached ** piety under Trog
  1460 | D:2      | Reached XP level 4. HP: 19/29 MP: 4/4
  2097 | D:3      | Reached XP level 5. HP: 24/33 MP: 5/5
  2103 | D:3      | Reached skill level 1 in Stealth
  2470 | D:3      | Noticed hawkwood's ghost (amateur NaWz)
  2533 | D:3      | Killed hawkwood's ghost
  2533 | D:3      | Reached XP level 6. HP: 22/39 MP: 6/6
  2697 | D:3      | Noticed Grinder
  2705 | D:3      | Killed Grinder
  2705 | D:3      | Reached skill level 5 in Fighting
  2705 | D:3      | Reached skill level 5 in Axes
  2705 | D:3      | Reached XP level 7. HP: 44/44 MP: 7/7
  2776 | D:3      | Found a bloodstained altar of Trog.
  2777 | D:3      | Found a glowing silver altar of Zin.
  3086 | D:4      | Noticed Sabo's ghost (amateur CeHu)
  3118 | D:4      | Found Viuminoa's Assorted Antiques.
  3126 | D:4      | Killed Sabo's ghost
  3578 | D:4      | Found a staircase to the Ecumenical Temple.
  3643 | D:4      | Reached XP level 8. HP: 36/50 MP: 8/8
  3710 | D:4      | Reached *** piety under Trog
  3857 | D:4      | Slain by an ogre

Skill      XL: |  1  2  3  4  5  6  7 |
---------------+----------------------+-----
Axes           | 3 4 5 |  5.8
Fighting       | 4 5 |  5.5
Dodging        | 2 3 4 |  4.0
Stealth        | 1 2 |  2.8
Armour         | |  2.4

Action                   |  1- 3 |  4- 6 |  7- 9 || total
-------------------------+-------+-------+-------++-------
Melee: Hand axe          |    93 |   113 |    69 ||   275
Invok: Berserk           |     1 |     5 |     4 ||    10
  Use: Potion            |       |     5 |       ||     5
       Scroll            |       |     8 |     4 ||    12
 Stab: Sleeping          |     1 |     1 |       ||     2
  Eat: Chunk             |     2 |     2 |     1 ||     5
       Ration            |       |     2 |     2 ||     4
Armor: Animal skin       |    26 |    42 |    12 ||    80
Dodge: Dodged            |    59 |    59 |    33 ||   151
